 Dungeon Crawl Stone Soup version 0.29-a0-6-ga859fcf985 (webtiles) character file.

Game seed: 6816446555749498130

532 Ijustatesigmund the Cudgeller (level 7, 0/45 HPs)
             Began as a Gargoyle Fighter on Jan 27, 2022.
             Slain by a hornet zombie (6 damage)
             ... on level 5 of the Dungeon.
             The game lasted 00:05:33 (3931 turns).

Ijustatesigmund the Cudgeller (Gargoyle Fighter)    Turns: 3931, Time: 00:05:34

Health: 0/45       AC: 17    Str: 21 (22) XL:     7   Next: 24%
Magic:  7/7        EV:  7    Int:  5 (8)  God:
Gold:   185        SH:  9    Dex:  9      Spells: 6/6 levels left

rFire   . . .      SeeInvis .   a - +0 flail (freeze)
rCold   . . .      Faith    .   c - +0 buckler
rNeg    + + .      Spirit   .   b - +0 chain mail
rPois   ∞          Reflect  +   f - +1 helmet
rElec   +          Harm     .   (no cloak)
rCorr   .          Rampage  .   j - +0 pair of gloves
Will    .....                   (no boots)
Stlth   ..........              l - amulet of reflection
HPRegen 0.15/turn               k - ring of positive energy
MPRegen 0.10/turn               (no ring)

@: no status effects
A: sickness immunity, AC +4, negative energy resistance 1, electricity
resistance, torment resistance 1, petrification resistance
a: no special abilities


You were on level 5 of the Dungeon.
You visited 1 branch of the dungeon, and saw 5 of its levels.

You collected 185 gold pieces.

Inventory:

Hand Weapons
 a - a +0 flail of freezing (weapon)
Armour
 b - a +0 chain mail (worn)
 c - a +0 buckler (worn)
 f - a +1 helmet (worn)
 j - a +0 pair of gloves (worn)
Jewellery
 i - a ring of ice
 k - a ring of positive energy (left hand)
 l - an amulet of reflection (around neck)
Wands
 g - a wand of acid (3)
 o - a wand of polymorph (11)
Scrolls
 n - a scroll of magic mapping
Potions
 d - a potion of heal wounds {unknown}
 e - a potion of brilliance
 h - a potion of curing {unknown}
 m - a potion of mutation {unknown}


   Skills:
 + Level 5.7 Fighting
 + Level 5.9 Maces & Flails
 + Level 4.1 Armour
 - Level 3.2 Shields


You had 6 spell levels left.
You didn't know any spells.
Your spell library was empty.

Dungeon Overview and Level Annotations

Branches:
Dungeon (5/15)
 Temple: D:4-7

Altars:
Uskayaw

Annotations:
D:4 Pikel


Innate Abilities, Weirdness & Mutations

You are immune to sickness and miasma.
Your stone body is resilient. (AC +4)
You are immune to poison.
You resist negative energy. (rN+)
You are resistant to electric shocks. (rElec)
You are resistant to unholy torment.
You are immune to petrification.


Message History

You hit the hornet zombie.
The hornet zombie is moderately damaged.
The hornet zombie hits you!
You are too injured to fight recklessly!
You are too injured to fight recklessly!
You are too injured to fight recklessly!
You are too injured to fight recklessly!
You are too injured to fight recklessly!
You are too injured to fight recklessly!
You are too injured to fight recklessly!
You are too injured to fight recklessly!
You are too injured to fight recklessly!
You are too injured to fight recklessly!
You are too injured to fight recklessly!
You are too injured to fight recklessly!
You are too injured to fight recklessly!
You are too injured to fight recklessly!
You are too injured to fight recklessly!
You hit the hornet zombie.
The hornet zombie is moderately damaged.
The hornet zombie closely misses you. You block the hornet zombie's attack.
You thump the hornet zombie! You freeze the hornet zombie.
The hornet zombie is severely damaged.
The hornet zombie hits you.
You completely miss the hornet zombie.
The hornet zombie is severely damaged.
The hornet zombie hits you.
* * * LOW HITPOINT WARNING * * *
The hornet zombie completely misses you.
You closely miss the hornet zombie.
The hornet zombie is severely damaged.
The hornet zombie hits you.
* * * LOW HITPOINT WARNING * * *
You thump the hornet zombie! You freeze the hornet zombie.
The hornet zombie is almost destroyed.
You block the hornet zombie's attack. The hornet zombie barely misses you.
You hit the hornet zombie.
The hornet zombie is almost destroyed.
The hornet zombie hits you.
You die...

..## ###.....§§§.#§#
#..###.....)§§§.§..#
#.#...#....§...§.##
##...###......§.§.#
......##.......§..#
#####.########.##.#
...##..# #.##.#
##.###..# #.##.#
.....# .#@.# #####
#..Z## #...# #...#
#...# #...# #####


You could see a hornet zombie.

Vanquished Creatures
  A sky beast (D:5)
  An ogre (D:5)
  A lemure (D:4)
  A scorpion (D:3)
  A hound (D:5)
  Natasha (thrice) (D:3)
  Terence (D:3)
  Robin (D:3)
  4 gnolls (D:3)
  4 adders
  A worm (D:2)
  A dart slug (D:4)
  9 endoplasms
  3 giant cockroaches
  15 goblins
  7 hobgoblins
  A jackal (D:1)
  3 quokkas
  11 ball pythons
  8 bats
  4 frilled lizards
  5 kobolds
  5 rats
91 creatures vanquished.

Vanquished Creatures (others)
  3 fungi (D:1)
  8 plants (D:1)
11 creatures vanquished.

Grand Total: 102 creatures vanquished

Notes
Turn   | Place    | Note
-------+----------+-------------------------------------------
     0 | D:1      | Ijustatesigmund the Gargoyle Fighter began the quest for
                  | the Orb.
     0 | D:1      | Reached XP level 1. HP: 14/14 MP: 1/1
   157 | D:1      | Reached XP level 2. HP: 6/19 MP: 2/2
   796 | D:1      | Reached XP level 3. HP: 18/24 MP: 3/3
  1189 | D:1      | Found a faded altar of an unknown god.
  1435 | D:2      | Found a hide-covered altar of Uskayaw.
  1648 | D:2      | Reached XP level 4. HP: 28/29 MP: 4/4
  1893 | D:3      | Noticed Natasha
  1898 | D:3      | Killed Natasha
  2010 | D:3      | Noticed a scorpion
  2020 | D:3      | Killed a scorpion
  2021 | D:3      | Reached XP level 5. HP: 27/34 MP: 5/5
  2170 | D:3      | Noticed Terence
  2176 | D:3      | Killed Terence
  2203 | D:3      | Noticed Natasha
  2219 | D:3      | Killed Natasha
  2220 | D:3      | Reached skill level 5 in Maces & Flails
  2456 | D:3      | Reached XP level 6. HP: 25/40 MP: 6/6
  2825 | D:3      | Noticed Robin
  2858 | D:3      | Killed Robin
  2859 | D:3      | Reached skill level 5 in Fighting
  2948 | D:3      | Noticed Natasha
  2955 | D:3      | Killed Natasha
  3466 | D:4      | Noticed Pikel
  3787 | D:5      | Entered Level 5 of the Dungeon
  3805 | D:5      | Noticed a sky beast
  3818 | D:5      | Killed a sky beast
  3888 | D:5      | Reached XP level 7. HP: 44/44 MP: 7/7
  3931 | D:5      | Slain by a hornet zombie

Illustrated notes

Levels and vault maps discovered:
D:1:      ncdulo_watergridlock, layout_loops_ring,
          shapermc_ecumenical_altar_mp_urbaneastern, minmay_bisected
D:2:      layout_basic, basic_altar
D:3:      layout_basic, minmay_statues_item, minmay_misc_feat_hallway,
          uniq_terence, uniq_robin, uniq_natasha
D:4:      layout_gridville, kennysheep_mini, mrwooster_statue_mirror, uniq_pikel
D:5:      layout_rooms, minmay_temple_entry_junction, hellmonk_bongcloud_opening

Skill      XL: |  1  2  3  4  5  6 |
---------------+-------------------+-----
Maces & Flails | 3 4 5 |  5.9
Fighting       | 4 5 |  5.7
Armour         | 4 |  4.1
Shields        | |  3.2

Action                   |  1- 3 |  4- 6 |  7- 9 || total
-------------------------+-------+-------+-------++-------
Melee: Flail             |   199 |   168 |    19 ||   386
Evoke: Wand              |       |     2 |       ||     2
  Use: Scroll            |     3 |     3 |     2 ||     8
       Potion            |       |     2 |       ||     2
Armor: Scale mail        |    99 |    85 |       ||   184
       Chain mail        |       |    31 |     6 ||    37
Dodge: Dodged            |    77 |    63 |     5 ||   145
Block: Buckler           |    67 |    94 |     8 ||   169
       Reflection        |       |     4 |       ||     4

Table legend: (Time is in decaauts)
 A = Elapsed time spent in this place.
 B = Non-inter-level travel time spent in this place.
 C = Inter-level travel time spent in this place.
 D = Time resting spent in this place.
 E = Time spent auto-exploring this place.
 F = Levels seen in this place.
 G = Mean time per level.
                   A        B        C        D        E       F      G
               +--------+--------+--------+--------+--------+-----+--------+
         Total |   4027 |   3949 |     78 |   1169 |   1843 |   5 |  805.4 |
       Dungeon |   4027 |   3949 |     78 |   1169 |   1843 |   5 |  805.4 |
               +--------+--------+--------+--------+--------+-----+--------+

Top non-repeatable levels by time:
     D:1: 1348 daAuts
     D:3: 1283 daAuts
     D:2: 917 daAuts
     D:4: 330 daAuts
     D:5: 147 daAuts
